 Dungeon Crawl Stone Soup version 0.29.1-15-g9cfb28693d (webtiles) character file.

Game seed: 6878117335700530867

60 Ast3rio the Grave Robber (level 3, -3/19 HPs)
             Began as a Deep Elf Necromancer on Mar 13, 2023.
             Killed by divine providence
             ... invoked by an orc priest
              (14 damage)
             ... on level 3 of the Dungeon.
             The game lasted 00:04:53 (1585 turns).

Ast3rio the Grave Robber (Deep Elf Necromancer)     Turns: 1585, Time: 00:04:54

Health: -3/19      AC:  2    Str:  5    XL:     3   Next: 80%
Magic:  0/10       EV: 13    Int: 21    God:
Gold:   29         SH:  0    Dex: 15    Spells: 5/9 levels left

rFire   . . .      SeeInvis .   (no weapon)
rCold   . . .      Faith    .   (no shield)
rNeg    . . .      Spirit   .   a - +0 robe
rPois   .          Reflect  .   (no helmet)
rElec   .          Harm     .   (no cloak)
rCorr   .          Rampage  .   (no gloves)
Will    .....                   (no boots)
Stlth   ++........              (no amulet)
HPRegen 0.06/turn               (no ring)
MPRegen 0.12/turn               (no ring)

@: no status effects
A: no striking features
a: no special abilities


You were on level 3 of the Dungeon.
You visited 1 branch of the dungeon, and saw 3 of its levels.

You collected 29 gold pieces.

Inventory:

Armour
 a - a +0 robe (worn)
Scrolls
 c - a scroll of enchant weapon {unknown}
 e - a scroll of enchant armour {unknown}
 g - a scroll of blinking {unknown}
 i - 4 scrolls of identify {unknown}
 j - a scroll of teleportation {unknown}
 k - a scroll of immolation {unknown}
Potions
 b - a potion of magic
 d - a potion of degeneration {unknown}
 f - 2 potions of haste {unknown}
 h - a potion of curing {unknown}


   Skills:
 + Level 3.3 Dodging
 + Level 3.3 Stealth
 + Level 3.8 Spellcasting
 + Level 5.3 Necromancy


You had 5 spell levels left.
You knew the following spells:

 Your Spells              Type           Power      Damage    Failure   Level
a - Necrotise             Necr           100%       1d9       1%          1
b - Vampiric Draining     Necr           26%        2d7       4%          3

Your spell library contained the following spells:

 Spells                   Type           Power      Damage    Failure   Level
 Animate Dead             Necr           26%        N/A       14%         4
 Ensorcelled Hibernation  Hex/Ice        8%         N/A       19%         2
 Spider Form              Tmut/Pois      4%         N/A       36%         3
 Agony                    Necr           26%        N/A       36%         5
 Anguish                  Hex/Necr       7%         N/A       38%         4


Dungeon Overview and Level Annotations

Branches:
Dungeon (3/15)

Altars:


Message History

Press: ? - help, Shift-Dir - straight line, f/p - orc
Aim: an orc, wielding a +0 whip and wearing a +0 leather armour (almost dead, ally target, chance to affect: 93%)
The orc barely resists.
The orc barely misses you.
The orc priest hits you with a +0 short sword.
Casting: Necrotise (safe; 1% risk of failure)
Confirm with . or Enter, or press ? or * to list all spells.
Aiming: Necrotise (safe; 1% risk of failure)
Press: ? - help, Shift-Dir - straight line, f/p - orc
Aim: an orc, wielding a +0 whip and wearing a +0 leather armour (almost dead, ally target, chance to affect: 93%)
The orc writhes in agony.
You kill the orc!
The dead are walking!
The orc priest hits you with a +0 short sword.
Unknown command.
Casting: Necrotise (safe; 1% risk of failure)
Confirm with . or Enter, or press ? or * to list all spells.
Aiming: Necrotise (safe; 1% risk of failure)
Press: ? - help, Shift-Dir - straight line, f - orc priest
Aim: an orc priest, wielding a +0 short sword and wearing a +0 leather armour (ally target, chance to affect: 83%)
The orc priest barely resists.
The orc priest barely misses you.
A rat comes into view.
Casting: Necrotise (safe; 1% risk of failure)
Confirm with . or Enter, or press ? or * to list all spells.
Aiming: Necrotise (safe; 1% risk of failure)
Press: ? - help, Shift-Dir - straight line, f/p - orc priest
Aim: an orc priest, wielding a +0 short sword and wearing a +0 leather armour (ally target, chance to affect: 83%)
The orc priest writhes in agony.
Your orc skeleton hits the orc priest but does no damage.
The orc priest hits your orc skeleton with a +0 short sword.
Unknown command.
Casting: Necrotise (safe; 1% risk of failure)
Confirm with . or Enter, or press ? or * to list all spells.
You don't have enough magic to cast this spell.
Unknown command.
You swap places.
Your orc skeleton hits the orc priest but does no damage.
The orc priest calls down the wrath of Beogh upon you.
Beogh smites you!
Ouch! That really hurt!
You die...

###
#.#########.....
#).....@ZoZ.....
#....##Z#)....#.
#.# #.##...##
#<# #r.#
#.#####.# ....
#.......# ####
#########


You could see an orc priest (ally target), a rat and 3 friendly orc skeletons.

Vanquished Creatures
  3 adders (D:2)
  A worm (D:2)
  4 orcs (D:3)
  3 endoplasms
  A giant cockroach (D:1)
  A hobgoblin (D:2)
  3 jackals (D:1)
  A ball python (D:2)
  A bat (D:1)
  4 kobolds
  2 rats (D:1)
24 creatures vanquished.

Vanquished Creatures (collateral kills)
  2 jackals (D:1)
2 creatures vanquished.

Grand Total: 26 creatures vanquished

Notes
Turn   | Place    | Note
-------+----------+-------------------------------------------
     0 | D:1      | Ast3rio the Deep Elf Necromancer began the quest for the
                  | Orb.
     0 | D:1      | Reached XP level 1. HP: 10/10 MP: 6/6
   224 | D:1      | Reached XP level 2. HP: 15/15 MP: 5/8
   229 | D:1      | Reached skill level 5 in Necromancy
   238 | D:1      | You fall into a shaft and drop 1 floor!
   612 | D:2      | Reached XP level 3. HP: 9/19 MP: 0/10
   616 | D:2      | Learned a level 3 spell: Vampiric Draining
  1585 | D:3      | Killed from afar by an orc priest

Illustrated notes

Levels and vault maps discovered:
D:1:      dpeg_arrival_short_road, layout_basic, serial_shops,
          nicolae_shop_hallway_stairs, dilly_ecumenical_altar_fadedgnrine,
          grunt_decor_arrowhead
D:2:      layout_basic, grunt_ministairs_9
D:3:      layout_loops_corners

Skill      XL: |  1  2 |
---------------+-------+-----
Necromancy     | 5 |  5.3
Stealth        | 3 |  3.3
Dodging        | 3 |  3.3
Spellcasting   | |  3.8

Action                   || total
-------------------------++-------
Melee: Unarmed           ||     5
 Cast: Necrotise         ||    53
Armor: Robe              ||     4
Dodge: Dodged            ||    29
